TOP OF THE 1ST |
Greenville 84s batting - Pitching for Vista Panthers : RHP Scott Walker
|
Pitching: RHP Scott Walker
|
|
Batting: RHB Carlos Torres
|
0-0: Bunt for hit - play at first, batter safe!
|
Batting: LHB Chris Moore
|
0-0: Ball 1-0: Foul Ball, location: 2F 1-1: Foul Ball, location: 2F 1-2: 2-RUN HOME RUN (Flyball, 8RXD), Distance : 438 ft
|
Batting: RHB Enzo Díaz
|
0-0: Swinging Strike 0-1: Swinging Strike 0-2: Foul Ball, location: 2F 0-2: Foul Ball, location: 2F 0-2: Ball 1-2: SINGLE (Line Drive, 7LM)
|
Batting: LHB Brock Larsen
|
0-0: Ball 1-0: Foul Ball, location: 2F 1-1: Ball 2-1: Grounds into double play, 5-4-3 (Groundball, 56)
|
Batting: LHB Paco Rosas
|
0-0: Called Strike 0-1: Ball 1-1: Ball 2-1: Ground out 3-1 (Groundball, 34)
|
Top of the 1st over - 2 run(s), 3 hit(s), 0 error(s), 0 left on base; Greenville 2 - Vista 0 |
BOTTOM OF THE 1ST |
Vista Panthers batting - Pitching for Greenville 84s : LHP Darrell Harding
|
Pitching: LHP Darrell Harding
|
|
Batting: LHB Francisco Marino
|
0-0: Foul Ball, location: 2F 0-1: Swinging Strike 0-2: Ball 1-2: Ball 2-2: Foul Ball, location: 2F 2-2: SINGLE (Line Drive, 4MD)
|
Batting: RHB John Mendelson
|
0-0: Ball 1-0: Called Strike 1-1: Ball Francisco Marino steals 2nd base 2-1: SINGLE (Line Drive, 9S) Francisco Marino to third Runner from 3rd tries for Home, SAFE, no throw
|
Batting: SHB Mark Wells
|
0-0: Ball 1-0: Called Strike 1-1: Swinging Strike 1-2: Strikes out swinging
|
Batting: LHB Donovan Bird
|
0-0: Fly out, F9 (Flyball, 9D)
|
Batting: RHB Salvador Salas
|
0-0: Ball Wild Pitch! John Mendelson to second 1-0: Ball 2-0: Fly out, F4 (Popup, 4)
|
Bottom of the 1st over - 1 run(s), 2 hit(s), 0 error(s), 1 left on base; Greenville 2 - Vista 1 |
TOP OF THE 2ND |
Greenville 84s batting - Pitching for Vista Panthers : RHP Scott Walker
|
Batting: LHB Jimmy Vickers
|
0-0: SINGLE (Line Drive, 7S)
|
Batting: LHB José Costa
|
0-0: Called Strike 0-1: Ball 1-1: Foul Ball, location: 2F 1-2: Ball 2-2: DOUBLE (Flyball, 7D) Jimmy Vickers to third
|
Batting: LHB Robert Moore
|
0-0: Ball 1-0: Foul Ball, location: 2F 1-1: Fly out, F8 (Flyball, 8RS)
|
Batting: LHB Mario Cornelo
|
0-0: SINGLE (Groundball, 4MD) Jimmy Vickers scores José Costa to third Runner from 3rd tries for Home, SAFE, no throw
|
Batting: RHB Carlos Torres
|
0-0: Foul Ball, location: 2F 0-1: Ball 1-1: Called Strike 1-2: Strikes out swinging Throwing error on steal attempt, E2 Mario Cornelo to third
|
Batting: LHB Chris Moore
|
0-0: Swinging Strike 0-1: Foul Ball, location: 2F 0-2: Strikes out swinging
|
Top of the 2nd over - 2 run(s), 3 hit(s), 1 error(s), 1 left on base; Greenville 4 - Vista 1 |
BOTTOM OF THE 2ND |
Vista Panthers batting - Pitching for Greenville 84s : LHP Darrell Harding
|
Batting: RHB Phil Matthews
|
0-0: Ball 1-0: Swinging Strike 1-1: Foul Ball, location: 2F 1-2: Fly out, F9 (Flyball, 9LS)
|
Batting: LHB Bob Cunningham
|
0-0: Ground out 4-3 (Groundball, 4M)
|
Batting: RHB Cisco Gatán
|
0-0: Ball 1-0: Ground out 6-3 (Groundball, 56)
|
Bottom of the 2nd over - 0 run(s), 0 hit(s), 0 error(s), 0 left on base; Greenville 4 - Vista 1 |
TOP OF THE 3RD |
Greenville 84s batting - Pitching for Vista Panthers : RHP Scott Walker
|
Batting: RHB Enzo Díaz
|
0-0: Ball 1-0: Ball 2-0: Foul Ball, location: 2F 2-1: Ground out 4-3 (Groundball, 4)
|
Batting: LHB Brock Larsen
|
0-0: Ball 1-0: Called Strike 1-1: Hit by Pitch
|
Batting: LHB Paco Rosas
|
0-0: Called Strike 0-1: Ball 1-1: Fly out, F8 (Flyball, 89S)
|
Batting: LHB Jimmy Vickers
|
0-0: Called Strike 0-1: Fly out, F8 (Flyball, 8LS)
|
Top of the 3rd over - 0 run(s), 0 hit(s), 0 error(s), 1 left on base; Greenville 4 - Vista 1 |
BOTTOM OF THE 3RD |
Vista Panthers batting - Pitching for Greenville 84s : LHP Darrell Harding
|
Batting: RHB Justin Burgess
|
0-0: Ball 1-0: Called Strike 1-1: Called Strike 1-2: Foul Ball, location: 2F 1-2: Strikes out swinging
|
Batting: LHB Francisco Marino
|
0-0: Called Strike 0-1: Foul Ball, location: 2F 0-2: Ball 1-2: Ball 2-2: Strikes out swinging, 2-3 out at first.
|
Batting: RHB John Mendelson
|
0-0: Called Strike 0-1: Ball 1-1: Ball 2-1: Fly out, F9 (Flyball, 9)
|
Bottom of the 3rd over - 0 run(s), 0 hit(s), 0 error(s), 0 left on base; Greenville 4 - Vista 1 |
TOP OF THE 4TH |
Greenville 84s batting - Pitching for Vista Panthers : RHP Scott Walker
|
Batting: LHB José Costa
|
0-0: Called Strike 0-1: Swinging Strike 0-2: Strikes out swinging, 2-3 out at first.
|
Batting: LHB Robert Moore
|
0-0: Foul Ball, location: 2F 0-1: Ball 1-1: Swinging Strike 1-2: Ball 2-2: Ball 3-2: Strikes out swinging
|
Batting: LHB Mario Cornelo
|
0-0: SINGLE (Flyball, 7S)
|
Batting: RHB Carlos Torres
|
0-0: Swinging Strike 0-1: Ball 1-1: Called Strike 1-2: Ball 2-2: Reached via error on a dropped throw, E3 Mario Cornelo to second
|
Batting: LHB Chris Moore
|
0-0: Called Strike 0-1: SINGLE (Groundball, 5D) Mario Cornelo to third Carlos Torres to second Runner from 3rd tries for Home, SAFE, no throw
|
Batting: RHB Enzo Díaz
|
0-0: Ball 1-0: Fly out, F9 (Flyball, 9S)
|
Top of the 4th over - 1 run(s), 2 hit(s), 1 error(s), 2 left on base; Greenville 5 - Vista 1 |
BOTTOM OF THE 4TH |
Vista Panthers batting - Pitching for Greenville 84s : LHP Darrell Harding
|
Batting: SHB Mark Wells
|
0-0: Ball 1-0: SINGLE (Groundball, 6MD)
|
Batting: LHB Donovan Bird
|
0-0: Ball 1-0: Fly out, F6 (Line Drive, 6M)
|
Batting: RHB Salvador Salas
|
0-0: Ball 1-0: Swinging Strike 1-1: Swinging Strike 1-2: Foul Ball, location: 2F 1-2: Ball 2-2: Fielders Choice at 2nd, 1-4 (Groundball, 15S)
|
Batting: RHB Phil Matthews
|
0-0: Ball 1-0: Foul Ball, location: 2F 1-1: Fielders Choice at 2nd, 6-4 (Groundball, 6)
|
Bottom of the 4th over - 0 run(s), 1 hit(s), 0 error(s), 0 left on base; Greenville 5 - Vista 1 |
TOP OF THE 5TH |
Greenville 84s batting - Pitching for Vista Panthers : RHP Scott Walker
|
Pitching: RHP David Simpson
|
|
Batting: LHB Brock Larsen
|
0-0: Ball 1-0: Ball 2-0: Called Strike 2-1: Fly out, F5 (Line Drive, 5S)
|
Batting: LHB Paco Rosas
|
0-0: Ball 1-0: Foul Ball, location: 2F 1-1: Ground out 4-3 (Groundball, 34)
|
Batting: LHB Jimmy Vickers
|
0-0: Ground out 4-3 (Groundball, 4)
|
Top of the 5th over - 0 run(s), 0 hit(s), 0 error(s), 0 left on base; Greenville 5 - Vista 1 |
BOTTOM OF THE 5TH |
Vista Panthers batting - Pitching for Greenville 84s : LHP Darrell Harding
|
Pitching: LHP Félix García
|
|
Batting: LHB Bob Cunningham
|
0-0: Ball 1-0: Ball 2-0: SINGLE (Flyball, 8RS)
|
Batting: RHB Cisco Gatán
|
0-0: Called Strike 0-1: Swinging Strike Bob Cunningham steals 2nd base 0-2: Ball 1-2: Strikes out looking
|
Batting: RHB Justin Burgess
|
0-0: Called Strike 0-1: Ball 1-1: Ground out U3 (Groundball, 3) Bob Cunningham to third
|
Batting: LHB Francisco Marino
|
0-0: Swinging Strike 0-1: Foul Ball, location: 2F 0-2: Ball 1-2: Ball 2-2: Ball 3-2: Strikes out looking
|
Bottom of the 5th over - 0 run(s), 1 hit(s), 0 error(s), 1 left on base; Greenville 5 - Vista 1 |
TOP OF THE 6TH |
Greenville 84s batting - Pitching for Vista Panthers : RHP David Simpson
|
Batting: LHB José Costa
|
0-0: Ball 1-0: Foul Ball, location: 2F 1-1: Ground out 4-3 (Groundball, 4)
|
Batting: LHB Robert Moore
|
0-0: Foul Ball, location: 2F 0-1: Swinging Strike 0-2: Ball 1-2: Strikes out swinging
|
Batting: LHB Mario Cornelo
|
0-0: Ball 1-0: Ball 2-0: Foul Ball, location: 2F 2-1: Foul Ball, location: 2F 2-2: Fly out, F6 (Line Drive, 6)
|
Top of the 6th over - 0 run(s), 0 hit(s), 0 error(s), 0 left on base; Greenville 5 - Vista 1 |
BOTTOM OF THE 6TH |
Vista Panthers batting - Pitching for Greenville 84s : LHP Félix García
|
Batting: RHB John Mendelson
|
0-0: Called Strike 0-1: Foul Ball, location: 2F 0-2: Ball 1-2: Foul Ball, location: 2F 1-2: Ball 2-2: SINGLE (Groundball, 4D)
|
Batting: SHB Mark Wells
|
0-0: Ball 1-0: Foul Ball, location: 2F 1-1: Ball 2-1: Foul Ball, location: 2F 2-2: Fly out, F8 (Line Drive, 78D)
|
Batting: LHB Donovan Bird
|
0-0: Ball John Mendelson is caught stealing 2nd base 1-0: Foul Ball, location: 2F 1-1: Foul Ball, location: 2F 1-2: Foul Ball, location: 2F 1-2: Ball 2-2: Foul Ball, location: 2F 2-2: Ball 3-2: Ground out 5-3 (Groundball, 56)
|
Bottom of the 6th over - 0 run(s), 1 hit(s), 0 error(s), 0 left on base; Greenville 5 - Vista 1 |
TOP OF THE 7TH |
Greenville 84s batting - Pitching for Vista Panthers : RHP David Simpson
|
Pitching: RHP José Betancourt
|
|
Batting: RHB Carlos Torres
|
0-0: Foul Ball, location: 2F 0-1: Called Strike 0-2: Ball 1-2: SINGLE (Groundball, 4MD)
|
Batting: LHB Chris Moore
|
0-0: Sac Bunt - play at first, batter OUT! 1-3 Carlos Torres to second
|
Batting: RHB Enzo Díaz
|
0-0: Ball 1-0: Ball 2-0: Foul Ball, location: 2F 2-1: Foul Ball, location: 2F 2-2: Strikes out swinging
|
Pinch Hitting: LHB George Wood
|
0-0: Called Strike 0-1: Foul Ball, location: 2F 0-2: Strikes out swinging
|
Top of the 7th over - 0 run(s), 1 hit(s), 0 error(s), 1 left on base; Greenville 5 - Vista 1 |
BOTTOM OF THE 7TH |
Vista Panthers batting - Pitching for Greenville 84s : LHP Félix García
|
Now at SS: Kyung-bok Cho
|
|
Batting: RHB Salvador Salas
|
0-0: Foul Ball, location: 2F 0-1: Fly out, F3 (Popup, 3L)
|
Batting: RHB Phil Matthews
|
0-0: SINGLE (Line Drive, 78S)
|
Batting: LHB Bob Cunningham
|
0-0: Grounds into double play, 6-4-3 (Groundball, 6)
|
Bottom of the 7th over - 0 run(s), 1 hit(s), 0 error(s), 0 left on base; Greenville 5 - Vista 1 |
TOP OF THE 8TH |
Greenville 84s batting - Pitching for Vista Panthers : RHP José Betancourt
|
Batting: LHB Paco Rosas
|
0-0: SOLO HOME RUN (Flyball, 89XD), Distance : 433 ft
|
Batting: LHB Jimmy Vickers
|
0-0: Ball 1-0: Ball 2-0: Called Strike 2-1: Fly out, F8 (Flyball, 78D)
|
Pinch Hitting: RHB Jesús Tisnado
|
0-0: Foul Ball, location: 2F 0-1: Fly out, F7 (Flyball, 7)
|
Batting: SHB Gilberto Guzmán
|
0-0: Foul Ball, location: 2F 0-1: Ball 1-1: SINGLE (Line Drive, 9LS)
|
Pinch Hitting: RHB Jorge Cisneros
|
0-0: Ball 1-0: Called Strike Pickoff Throw to First - Out!
|
Top of the 8th over - 1 run(s), 2 hit(s), 0 error(s), 0 left on base; Greenville 6 - Vista 1 |
BOTTOM OF THE 8TH |
Vista Panthers batting - Pitching for Greenville 84s : LHP Félix García
|
Now at 2B: Jorge Cisneros
|
|
Now in LF: Felipe Rego
|
|
Batting: RHB Cisco Gatán
|
0-0: SINGLE (Line Drive, 6D)
|
Batting: RHB Justin Burgess
|
0-0: Called Strike 0-1: Ball 1-1: Swinging Strike 1-2: Foul Ball, location: 2F 1-2: Ground out 5-3 (Groundball, 25) Cisco Gatán to second
|
Pinch Hitting: RHB Alfredo López
|
0-0: Foul Ball, location: 2F 0-1: Ball 1-1: Swinging Strike 1-2: Ball 2-2: DOUBLE (Line Drive, 78XD) Cisco Gatán scores
|
Pinch Hitting: RHB Griswold Coleman
|
0-0: Called Strike 0-1: Ball 1-1: Fly out, F8 (Flyball, 89M)
|
Batting: RHB Luis Martínez
|
0-0: Called Strike 0-1: Ball 1-1: Foul Ball, location: 2F 1-2: Ground out U3 (Groundball, 23)
|
Bottom of the 8th over - 1 run(s), 2 hit(s), 0 error(s), 1 left on base; Greenville 6 - Vista 2 |
TOP OF THE 9TH |
Greenville 84s batting - Pitching for Vista Panthers : RHP José Betancourt
|
Now at 2B: Griswold Coleman
|
|
Now in LF: Alfredo López
|
|
Batting: RHB Jorge Cisneros
|
0-0: Foul Ball, location: 2F 0-1: Swinging Strike 0-2: Fly out, F7 (Line Drive, 7D)
|
Batting: RHB Carlos Torres
|
0-0: Swinging Strike 0-1: DOUBLE (Groundball, 5L)
|
Pinch Hitting: RHB Vic Langlois
|
0-0: Foul Ball, location: 2F 0-1: Fly out, F5 (Line Drive, 5L)
|
Batting: RHB Enzo Díaz
|
0-0: Ground out U3 (Groundball, 34)
|
Top of the 9th over - 0 run(s), 1 hit(s), 0 error(s), 1 left on base; Greenville 6 - Vista 2 |
BOTTOM OF THE 9TH |
Vista Panthers batting - Pitching for Greenville 84s : LHP Félix García
|
Pitching: RHP Kenshin Kubota
|
|
Now at C: Casey Fox
|
|
Pinch Hitting: LHB Patrick Osborne
|
0-0: Swinging Strike 0-1: Ball 1-1: Foul Ball, location: 2F 1-2: Foul Ball, location: 2F 1-2: Strikes out looking
|
Pinch Hitting: LHB Brent Alonzo
|
0-0: Foul Ball, location: 2F 0-1: Ground out 4-3 (Groundball, 4)
|
Pinch Hitting: RHB Pablo Peña
|
0-0: Foul Ball, location: 2F 0-1: Ball 1-1: Foul Ball, location: 2F 1-2: Ball 2-2: Foul Ball, location: 2F 2-2: Ground out 5-3 (Groundball, 56)
|
Bottom of the 9th over - 0 run(s), 0 hit(s), 0 error(s), 0 left on base; Greenville 6 - Vista 2 |
|